 Dungeon Crawl Stone Soup version 0.25-a0-41-g6cf4ce537d (webtiles) character file.

Game seed: 3748755201655443957, levelgen mode: deterministic

222 Alarkh the Slasher (level 5, 0/41 HPs)
             Began as a Demonspawn Fighter on Oct 21, 2019.
             Succumbed to a killer bee's poison
             ... on level 3 of the Dungeon.
             The game lasted 00:02:00 (1820 turns).

Alarkh the Slasher (Demonspawn Fighter)             Turns: 1820, Time: 00:02:01

Health: 0/41       AC:  6    Str: 21    XL:     5   Next: 66%
Magic:  5/5        EV:  7    Int: 10    God:
Gold:   193        SH:  9    Dex: 13    Spells: 4/4 levels left

rFire    + . .     SeeInvis .   a - +0 long sword
rCold    + . .     Gourm    .   c - +0 shield
rNeg     . . .     Faith    .   b - +0 scale mail
rPois    +         Spirit   .   (no helmet)
rElec    +         Reflect  .   (no cloak)
rCorr    +         Harm     .   (no gloves)
MR       .....                  (no boots)
Stlth    ..........             (no amulet)
HPRegen  0.13/turn              (no ring)
MPRegen  0.09/turn              (no ring)

@: mighty, lethally poisoned (0 -> -10), resistant, very slightly contaminated,
invisible
A: hooves 1, spiny 1
a: no special abilities


You were on level 3 of the Dungeon.
You were not hungry.

You visited 1 branch of the dungeon, and saw 3 of its levels.

You collected 193 gold pieces.

Inventory:

Hand Weapons
 a - a +0 long sword (weapon)
Armour
 b - a +0 scale mail (worn)
 c - a +0 shield (worn)
Scrolls
 e - 2 scrolls of amnesia {unknown}
 g - a scroll of fear {unknown}
 h - a scroll of enchant armour {unknown}
 i - a scroll of identify {unknown}
 n - a scroll of remove curse {unknown}
Potions
 d - a potion of might
 j - a potion of resistance
Comestibles
 f - 4 rations
 k - 3 chunks of flesh


   Skills:
 - Level 3.0 Fighting
 + Level 5.5 Long Blades
 - Level 2.6 Armour
 - Level 2.6 Shields


You had 4 spell levels left.
You didn't know any spells.
Your spell library was empty.

Dungeon Overview and Level Annotations

Branches:
Dungeon (3/15)

Altars:
Wu Jian


Innate Abilities, Weirdness & Mutations

You have large cloven feet.
You are partially covered in sharp spines.


Message History

The killer bee is struck by your spines.
The killer bee stings you but does no damage.
You block the killer bee's attack.
You catch the helpless killer bee completely off-guard!
You hit the killer bee. Your kick misses the killer bee.
The killer bee is almost dead.
You block the killer bee's attack. The killer bee stings you.
* * * LOW HITPOINT WARNING * * *
You are more poisoned.
The killer bee poisons you! You block the killer bee's attack.
Your shield prevents you from hitting the killer bee.
You kick the killer bee.
You kill the killer bee!
* * * LOW HITPOINT WARNING * * *
You feel sick.
The killer bee is struck by your spines.
The killer bee barely misses you.
You hit the killer bee. Your kick misses the killer bee.
The killer bee is heavily wounded.
You die...

..
..o..................#.
#.
#.#..####..#...##.####.
.$#K.##)#.o####..#...##.#
.......(.............# ..
..#..##(#.y####...#..# #.
#..............#
...####..####....#.#
........o####..#.#.#
#......ooy@....#...
#..####.#########..#
..........# ..#
..........# .#
#######.#.# #.#.# ..#.#
### #


You could see a killer bee and 3 orcs.

Vanquished Creatures
  3 killer bees (D:3)
  An adder (D:2)
  An ooze (D:1)
  6 worms (D:2)
  A dart slug (D:2)
  A leopard gecko (D:2)
  2 orcs (D:3)
  2 ball pythons (D:2)
  6 bats
  4 giant cockroaches
  4 goblins
  5 hobgoblins
  2 jackals (D:1)
  7 kobolds
  A quokka (D:2)
  4 frilled lizards
  4 rats
54 creatures vanquished.

Notes
Turn   | Place    | Note
-------+----------+-------------------------------------------
     0 | D:1      | Alarkh the Demonspawn Fighter began the quest for the Orb.
     0 | D:1      | Reached XP level 1. HP: 18/18 MP: 1/1
   103 | D:1      | Reached skill level 2 in Long Blades
   212 | D:1      | Gained mutation: You are partially covered in sharp spines.
                  | [demonic ancestry]
   212 | D:1      | Reached XP level 2. HP: 20/24 MP: 2/2
   364 | D:1      | Reached skill level 3 in Long Blades
   498 | D:1      | Reached XP level 3. HP: 29/29 MP: 3/3
  1546 | D:2      | Reached XP level 4. HP: 31/35 MP: 4/4
  1634 | D:2      | Reached skill level 4 in Long Blades
  1645 | D:2      | Found an ornate altar of the Wu Jian Council.
  1814 | D:3      | Reached skill level 5 in Long Blades
  1814 | D:3      | Gained mutation: You have large cloven feet. [demonic
                  | ancestry]
  1814 | D:3      | Reached XP level 5. HP: 7/41 MP: 5/5
  1819 | D:3      | HP: 1/41 [poisoned by a killer bee]
  1820 | D:3      | Succumbed to a killer bee's poison

Levels and vault maps discovered:
D:1:      dpeg_arrival_simpleton_a, layout_loops_cross
D:2:      layout_rooms, lemuel_crystal_altar
D:3:      layout_basic, first_ration

Skill      XL: |  1  2  3  4 |
---------------+-------------+-----
Long Blades    | 2 3 5 |  5.5
Fighting       | |  3.0
Armour         | |  2.6
Shields        | |  2.6

Action                   |  1- 3 |  4- 6 || total
-------------------------+-------+-------++-------
Melee: Long sword        |   116 |    41 ||   157
       Kick              |       |     1 ||     1
  Use: Potion            |       |     4 ||     4
 Stab: Invisible         |       |     2 ||     2
  Eat: Chunk             |     2 |     1 ||     3
Armor: Scale mail        |    47 |    19 ||    66
Dodge: Dodged            |    34 |    12 ||    46
Block: Shield            |    50 |    21 ||    71
       Rpst.: Long sword |    12 |     5 ||    17

Table legend:
 A = Non-vault XP
 B = Vault XP
 C = Vault XP percentage of total XP
 D = Non-vault monster count
 E = Vault monster count
 F = Vault count percentage of total count
                 A         B        C        D         E       F
            +---------+---------+-------+---------+---------+-------
      Total |     318 |       0 |   0.0 |      54 |       0 |   0.0
            +---------+---------+-------+---------+---------+-------
        D:1 |      43 |       0 |   0.0 |      25 |       0 |   0.0
        D:2 |      67 |       0 |   0.0 |      20 |       0 |   0.0
        D:3 |     208 |       0 |   0.0 |       9 |       0 |   0.0
            +---------+---------+-------+---------+---------+-------
